Map: Cyber Forest LE

Players

GOReynor (Reynor)

  • Race: Zerg Zerg
  • League: Master
  • Spawn Location: 5:00

PtitDrogo - Winner!

  • Race: Protoss Protoss
  • League: Master
  • Spawn Location: 11:00

Event: QLASH StarCraft II Invitational 2 Offline Finals

VOD

Have the link to the VOD?

Description

Time

  • Played on: July 27, 2019, 4:11 p.m.
  • Length: 18:10

All games in this series

Show
View Real Time Build Order
Export as new Build Order

GOReynor Zerg 

Build Orders: Hatch First, Swarm Host 

Get SALT Encoding   

  12  0:00  Drone  
  13  0:12  Overlord  
  13  0:16  Drone  
  14  0:30  Drone  
  14  0:31  Drone  
  16  0:45  Drone  
  16  0:48  Drone  
  18  0:55  Hatchery  
  17  0:58  Drone  
  18  1:07  Extractor  
  17  1:15  Spawning Pool  
  17  1:17  Drone  
  17  1:21  Drone  
  18  1:28  Drone  
  19  1:38  Overlord  
  19  1:50  Drone  
  20  2:01  Drone, Queen  
  20  2:06  Queen  
  20  2:07  Drone  
  26  2:11  Zergling x2  
  26  2:14  Metabolic Boost  
  27  2:18  Zergling x2  
  27  2:22  Drone  
  29  2:28  Drone  
  30  2:41  Drone  
  30  2:43  Hatchery  
  30  2:46  Zergling x2  
  30  2:49  Overlord  
  31  2:51  Drone  
  31  2:53  Drone  
  33  3:01  Drone  
  33  3:05  Drone  
  35  3:10  Overlord  
  35  3:11  Drone x3  
  38  3:16  Drone  
  39  3:21  Drone, Queen  
  42  3:27  Drone  
  42  3:33  Drone, Lair  
  44  3:38  Drone  
  44  3:40  Roach Warren  
  44  3:43  Drone  
  44  3:47  Drone x4  
  44  3:48  Drone  
  50  3:52  Overlord  
  50  3:54  Drone  
  51  3:56  Drone  
  51  3:59  Drone, Extractor  
  51  4:00  Extractor  
  51  4:02  Drone  
  52  4:09  Drone  
  53  4:10  Drone  
  54  4:20  Roach x5  
  54  4:21  Drone  
  65  4:24  Spore Crawler  
  65  4:27  Overlord  
  65  4:31  Overseer  
  64  4:33  Drone x2  
  64  4:34  Overlord  
  64  4:38  Overlord  
  66  4:45  Overlord  
  66  4:46  Overseer, Drone x5  
  66  4:47  Drone  
  66  4:49  Drone  
  73  4:54  Roach  
  73  4:55  Queen  
  73  4:58  Roach  
  79  5:00  Roach  
  79  5:02  Roach  
  79  5:04  Overlord  
  83  5:07  Drone x2  
  83  5:08  Drone  
  83  5:09  Drone  
  83  5:10  Drone  
  83  5:13  Overlord  
  83  5:14  Drone  
  87  5:16  Drone  
  87  5:20  Overlord  
  88  5:23  Evolution Chamber  
  88  5:24  Drone x2  
  89  5:30  Overlord  
  89  5:31  Drone x6  
  89  5:34  Extractor  
  94  5:37  Extractor  
  94  5:38  Roach x3, Extractor  
  94  5:40  Overlord  
  98  5:44  Overlord  
  98  5:50  Zerg Missile Weapons Level 1  
  98  5:51  Drone  
  98  5:52  Drone  
  98  5:53  Infestation Pit  
  98  5:54  Drone  
  100  6:03  Overlord  
  98  6:04  Queen  
  98  6:10  Drone  
  101  6:16  Overlord  
  101  6:23  Roach x2  
  105  6:26  Overlord  
  105  6:30  Hatchery  
  104  6:36  Swarm Host x9  
  131  6:42  Spore Crawler, Swarm Host x2  
  131  6:45  Overlord  
  136  6:49  Swarm Host  
  136  6:53  Swarm Host  
  142  6:55  Overlord  
  142  6:58  Overlord x2  
  142  7:01  Overlord  
  142  7:04  Roach x2  
  142  7:05  Roach  
  148  7:12  Roach x2  
  148  7:13  Roach  
  152  7:17  Glial Reconstitution  
  152  7:19  Overlord  
  152  7:20  Ravager x2  
  152  7:21  Roach x2, Zergling x6  
  161  7:27  Overlord  
  161  7:29  Roach x3  
  167  7:33  Overlord  
  167  7:34  Roach  
  167  7:36  Roach  
  171  7:39  Roach x2  
  171  7:40  Roach  
  177  7:46  Overlord  
  177  7:48  Roach x2  
  181  7:53  Ravager x2  
  181  7:55  Roach x6  
  199  7:58  Roach x3  
  199  8:01  Roach  
  200  8:09  Spine Crawler  
  200  8:10  Zerg Missile Weapons Level 2  
  200  8:11  Spine Crawler  
  198  8:17  Drone x5  
  199  8:25  Overlord  
  199  8:32  Spore Crawler  
  198  8:54  Spine Crawler  
  197  8:57  Roach x3  
  189  9:03  Roach x7  
  189  9:07  Ravager x2  
  189  9:08  Ravager  
  190  9:12  Queen, Extractor  
  190  9:13  Ravager, Spine Crawler  
  190  9:14  Roach x3, Ravager, Spine Crawler  
  190  9:16  Overlord  
  195  9:26  Roach x2  
  193  9:36  Baneling Nest, Hive  
  192  9:40  Roach x2  
  192  9:41  Roach, Spire  
  192  9:44  Roach x3  
  193  9:53  Roach x2  
  193  9:56  Roach x7  
  194  10:03  Roach x5  
  190  10:08  Roach x4  
  188  10:15  Roach x5  
  188  10:20  Roach  
  188  10:21  Centrifical Hooks  
  192  10:22  Roach  
  192  10:25  Roach  
  188  10:38  Hatchery, Roach x3  
  182  10:47  Zergling x2  
  182  10:48  Zergling x4  
  171  10:50  Ravager  
  171  10:51  Ravager x2  
  171  10:52  Zergling x8  
  171  10:56  Zergling x2  
  171  11:01  Zergling x8  
  171  11:04  Greater Spire, Zergling x2  
  159  11:10  Roach x2  
  162  11:14  Baneling x11  
  162  11:15  Baneling  
  162  11:23  Baneling x10  
  162  11:24  Zergling x12  
  168  11:29  Zergling x4  
  170  11:34  Ravager x2  
  170  11:36  Zergling x10  
  170  11:57  Roach x3, Zergling x14  
  161  12:09  Roach x6, Zergling x2  
  161  12:12  Roach  
  157  12:17  Roach  
  157  12:22  Zergling x4  
  142  12:26  Overseer  
  142  12:29  Roach x4  
  139  12:30  Zergling x2  
  139  12:31  Ravager  
  141  12:38  Ravager  
  141  12:39  Roach x2  
  142  12:50  Roach x3  
  126  12:52  Ravager x2  
  126  12:55  Roach  
  122  12:58  Roach x2  
  122  13:04  Roach  
  118  13:09  Roach x2  
  118  13:12  Roach x3  
  120  13:15  Roach  
  120  13:19  Ravager x2  
  113  13:24  Roach x3  
  111  13:29  Ravager  
  111  13:32  Roach  
  114  13:36  Ravager x2  
  116  13:52  Hatchery  
  115  13:57  Zergling x16  
  115  14:01  Ravager x2  
  115  14:02  Ravager  
  127  14:10  Ravager  
  127  14:15  Swarm Host x4  
  139  14:24  Baneling x9  
  133  14:36  Swarm Host x2  
  138  14:39  Ravager x3  
  138  14:41  Roach, Zergling x2  
  138  14:45  Zergling x2  
  145  14:47  Hatchery  
  142  15:00  Mutalisk  
  142  15:01  Roach x4  
  142  15:05  Roach x2  
  143  15:07  Zergling x2  
  130  15:18  Roach x4  
  127  15:23  Swarm Host x2, Ravager  
  127  15:25  Ravager  
  135  15:33  Overseer  
  135  15:34  Roach x2  
  135  15:35  Roach  
  137  15:39  Swarm Host  
  137  15:48  Roach  
  137  15:49  Roach  
  134  15:58  Swarm Host x2  
  138  16:11  Hatchery  
  138  16:16  Ravager x2  
  139  16:20  Roach x2  
  143  16:29  Roach  
  143  16:30  Roach x2  
  146  16:37  Roach x2  
  149  16:45  Ravager x2  
  149  16:47  Roach  
  151  16:54  Ravager  
  151  16:58  Roach x4  
  143  17:11  Roach x3  
  143  17:12  Roach x2  
  112  17:27  Roach x3  
  104  17:32  Roach  
  103  17:41  Roach x2  
  103  17:47  Ravager  
  103  17:48  Ravager x2  
Show
View Real Time Build Order
Export as new Build Order

PtitDrogo Protoss - Winner!

Build Orders: 1 Gate Expand, Archon Immortal, Archon Drop, Dark Templar Rush 

Get SALT Encoding   

  12  0:00  Probe  
  13  0:12  Probe  
  14  0:19  Pylon  
  14  0:24  Probe  
  15  0:33  Probe  
  15  0:40  Gateway  
  15  0:41  Probe  
  16  0:49  Assimilator  
  17  0:51  Probe  
  18  1:03  Probe  
  19  1:18  Probe  
  20  1:26  Nexus  
  20  1:35  Cybernetics Core  
  20  1:38  Probe  
  21  1:44  Assimilator  
  21  1:50  Probe  
  21  1:53  Pylon  
  22  2:02  Adept  
  22  2:03  Probe  
  23  2:15  Probe  
  26  2:18  Twilight Council  
  26  2:21  Warp Gate  
  26  2:22  Stalker  
  26  2:27  Probe  
  27  2:35  Probe  
  29  2:39  Probe  
  29  2:43  Probe  
  31  2:50  Robotics Facility  
  32  2:52  Probe  
  32  2:55  Probe  
  34  3:04  Probe  
  35  3:07  Probe  
  36  3:16  Probe  
  36  3:19  Probe, Dark Shrine  
  38  3:22  Gateway  
  38  3:28  Probe  
  38  3:31  Probe  
  38  3:32  Warp Prism  
  38  3:33  Gateway  
  40  3:35  Gateway  
  40  3:44  Probe  
  40  3:46  Probe  
  44  3:49  Assimilator  
  44  3:52  Assimilator  
  44  3:55  Pylon  
  44  3:57  Probe  
  44  3:59  Probe  
  46  4:03  Pylon  
  46  4:13  Probe x2  
  46  4:14  Adept  
  50  4:25  Probe x2  
  52  4:35  Dark Templar  
  52  4:36  Dark Templar x3  
  60  4:39  Pylon  
  60  4:40  Archon  
  60  4:42  Archon  
  60  4:45  Pylon  
  60  4:46  Observer, Probe  
  62  4:59  Nexus  
  62  5:02  Probe  
  63  5:08  Immortal, Probe  
  68  5:21  Probe  
  68  5:22  Probe  
  68  5:23  Forge, Sentry x2  
  74  5:29  Charge  
  74  5:31  Pylon  
  74  5:34  Probe x2  
  76  5:41  Immortal  
  76  5:46  Probe x2, Pylon  
  82  5:50  Protoss Ground Weapons Level 1  
  82  5:54  Templar Archives  
  82  5:58  Probe x2  
  84  6:10  Probe x2  
  86  6:11  Dark Templar, Immortal  
  86  6:14  Probe  
  89  6:22  Probe x2  
  95  6:26  Probe  
  95  6:32  Assimilator  
  96  6:34  Probe x2, Assimilator  
  96  6:35  Gateway x2  
  98  6:40  Gateway  
  98  6:44  Immortal  
  98  6:46  Probe  
  99  6:49  Gateway  
  99  6:50  Gateway  
  99  6:58  Pylon  
  99  7:01  Pylon  
  103  7:04  Probe  
  103  7:06  High Templar x2  
  108  7:09  Pylon  
  108  7:17  Dark Templar, Archon  
  108  7:18  Zealot  
  112  7:24  Immortal, Archon  
  112  7:25  Shield Battery  
  112  7:28  Blink  
  112  7:29  Shield Battery  
  116  7:33  Zealot x2  
  120  7:40  High Templar x2  
  120  7:41  Zealot  
  126  7:44  Archon  
  122  8:02  Stalker x2  
  122  8:03  Zealot x2  
  122  8:04  High Templar x2  
  122  8:05  Zealot  
  132  8:08  Archon  
  132  8:15  Shield Battery  
  132  8:17  Photon Cannon  
  132  8:20  Pylon  
  132  8:21  Shield Battery  
  132  8:22  Pylon  
  132  8:33  Nexus  
  132  8:40  High Templar  
  132  8:41  High Templar, Zealot x6, Protoss Ground Weapons Level 2  
  130  8:42  Zealot, Immortal  
  130  8:44  Archon  
  144  8:48  Pylon  
  144  8:49  Pylon  
  144  8:51  Pylon  
  139  9:06  Zealot x3  
  139  9:07  Zealot x2  
  143  9:10  Zealot x2  
  143  9:11  Pylon  
  147  9:20  High Templar x2  
  149  9:24  Archon  
  149  9:27  Stalker x5  
  159  9:31  Pylon  
  141  9:53  Zealot x5  
  141  9:54  Stalker x3  
  141  9:56  Probe  
  147  10:06  Nexus  
  136  10:18  Stalker x4  
  140  10:28  Stalker x3  
  142  10:38  Stalker x2  
  138  10:54  High Templar  
  138  10:55  High Templar x5  
  138  10:56  Zealot  
  144  10:59  Archon x3  
  144  11:01  Immortal  
  144  11:02  Zealot  
  144  11:03  Zealot  
  124  11:15  Probe  
  129  11:21  High Templar x2  
  129  11:22  Zealot  
  129  11:25  Probe x2  
  137  11:26  Archon  
  137  11:27  Zealot x2  
  137  11:28  Zealot x4, Assimilator  
  137  11:31  Assimilator  
  149  11:36  Protoss Ground Weapons Level 3  
  149  11:42  Immortal  
  149  11:44  Dark Templar  
  153  11:54  Zealot x7  
  159  11:59  Zealot  
  149  12:07  Probe  
  149  12:08  Probe  
  98  12:15  Zealot x3  
  98  12:16  Zealot x3  
  98  12:18  Probe  
  98  12:22  Probe  
  102  12:30  Zealot x3  
  102  12:42  Immortal  
  102  12:43  High Templar x3  
  102  12:44  High Templar, Zealot  
  112  12:48  Archon x2  
  112  12:51  Stalker x2  
  112  12:53  Probe  
  97  13:06  Nexus  
  93  13:17  Probe  
  88  13:22  High Templar  
  88  13:23  High Templar x3, Zealot  
  88  13:24  Zealot x2  
  86  13:31  High Templar  
  86  13:32  High Templar x3, Zealot x2  
  86  13:33  Zealot x3  
  104  13:37  Archon x2  
  104  13:40  Probe x2  
  106  13:53  Dark Templar  
  108  13:56  Stalker x4  
  116  14:05  Zealot, Stalker  
  120  14:10  Probe  
  120  14:14  Probe  
  109  14:35  Nexus  
  109  14:36  Sentry  
  109  14:38  Dark Templar  
  113  14:42  High Templar x4  
  121  14:47  Archon x2  
  117  15:12  Probe  
  108  15:14  Stalker x5  
  116  15:26  High Templar  
  116  15:27  High Templar x3  
  122  15:33  Archon x2  
  116  15:56  High Templar x2  
  116  15:57  Zealot x3  
  122  16:04  Archon  
  122  16:09  Probe, Shield Battery  
  122  16:11  Shield Battery  
  122  16:12  Photon Cannon x2  
  122  16:17  Probe  
  124  16:21  Sentry  
  124  16:22  High Templar x2, Stalker x3  
  137  16:26  Archon  
  137  16:27  Probe  
  136  16:36  Probe  
  136  16:38  Stalker x3  
  138  16:45  Warp Prism  
  138  16:47  Stalker x4  
  130  17:09  Probe  
  130  17:14  Probe  
  124  17:19  Stalker x3  
  124  17:20  Probe, Stalker x3  
  124  17:21  Probe  
  116  17:28  Dark Templar x2  
  104  17:49  Zealot x6, Sentry  
Tags
 
Add a new tag
Caveats
  • Supply blocks, unpowered buildings, or Contaminate may cause inaccurate times.
  • Supply counts are checked every 10 seconds.